 Dungeon Crawl Stone Soup version 0.31.0-32-g396128a36d (webtiles) character file.

Game seed: 614834809185064855

310 theswoord the Twirler (level 6, 0/44 HPs)
             Began as a Demonspawn Gladiator on Apr 25, 2024.
             Was a Follower of Wu Jian.
             Incinerated by a bombardier beetle (5 damage)
             ... with a burning spray
             ... on level 4 of the Dungeon.
             The game lasted 00:03:52 (3501 turns).

theswoord the Twirler (Demonspawn Gladiator)        Turns: 3501, Time: 00:03:53

Health: 0/44       AC: 11    Str: 17    XL:     6   Next: 17%
Magic:  6/6        EV:  8    Int:  8    God:    Wu Jian [*.....]
Gold:   197        SH:  0    Dex: 14    Spells: 5/5 levels left

rFire   . . .        a - +0 quarterstaff
rCold   . . .        (shield currently unavailable)
rNeg    . . .        s - +0 chain mail
rPois   .            (helmet restricted)
rElec   .            (no cloak)
rCorr   .            (no gloves)
SInv    .            (no boots)
Will    .....        (no amulet) Stlth
                     (no ring)
HPRegen 0.27/turn    (no ring)
MPRegen 0.10/turn

%: no passive effects
@: on fire, glowing
A: horns 1, icy blue scales 2
a: Renounce Religion


You were on level 4 of the Dungeon.
You worshipped Wu Jian.
Wu Jian was aware of your devotion.
You visited 1 branch of the dungeon, and saw 4 of its levels.

You collected 197 gold pieces.

Inventory:

Hand Weapons
 a - a +0 quarterstaff (weapon)
Missiles
 d - 3 throwing nets (quivered)
 e - a javelin
Armour
 b - a +0 leather armour
 c - a +1 helmet
 s - a +0 chain mail (worn)
Jewellery
 g - a ring of positive energy
Talismans
 t - a storm talisman
Scrolls
 l - a scroll of amnesia
Potions
 f - a potion of brilliance {unknown}
 h - a potion of lignification {unknown}
 i - 2 potions of curing
 j - 2 potions of cancellation
 k - 2 potions of heal wounds
 m - 3 potions of magic {unknown}
 n - a potion of might {unknown}
 o - a potion of haste {unknown}
 q - a potion of enlightenment {unknown}
 r - a potion of attraction {unknown}


   Skills:
 - Level 2.0 Fighting
 + Level 6.4 Staves
 - Level 1.7 Throwing
 - Level 2.6 Dodging


You had 5 spell levels left.
You didn't know any spells.
Your spell library was empty.

Dungeon Overview and Level Annotations

Branches:
Dungeon (4/15)
 Temple: D:4-7

Altars:
Wu Jian

Shops:
D:1 =   D:3 *


Innate Abilities, Weirdness & Mutations

You have a pair of small horns on your head.
You are mostly covered in icy blue scales. (AC +3)


Message History

The bombardier beetle is lightly wounded.
The liquid fire burns you!
The bombardier beetle bites you but does no damage.
You hit the bombardier beetle.
The bombardier beetle is moderately wounded.
The liquid fire burns you!
You hit the bombardier beetle. You headbutt the bombardier beetle.
The bombardier beetle is almost dead.
The liquid fire burns you!
The bombardier beetle bites you but does no damage.
You closely miss the bombardier beetle.
The bombardier beetle is almost dead.
The liquid fire burns you!
The bombardier beetle bites you but does no damage.
You sock the bombardier beetle!
You kill the bombardier beetle!
The Council accepts your kill. The liquid fire burns you!
* * * LOW HITPOINT WARNING * * *
No target in view!
No target in view!
No target in view!
No target in view!
You are on fire!
You are on fire!
You are on fire!
You are on fire!
You are on fire!
You are on fire!
You are on fire!
You are on fire!
You are on fire!
The liquid fire burns you!
* * * LOW HITPOINT WARNING * * *
The liquid fire burns you!
* * * LOW HITPOINT WARNING * * *
The liquid fire burns you!
* * * LOW HITPOINT WARNING * * *
The liquid fire burns you!
You die...

##########
#.........
#.........
#.........
#.@.......
#.........
#######.........
#....###...#####
#....###.###
#....##..###
##.......##.##
#............#
#............#


There were no monsters in sight!

Vanquished Creatures
  An ogre (D:4)
  A bombardier beetle (D:4)
  An iguana (D:4)
  An orc wizard (D:3)
  6 adders
  3 ribbon worms
  4 dart slugs
  5 orcs
  6 bats
  3 endoplasms
  3 giant cockroaches
  4 goblins
  2 hobgoblins
  6 jackals
  5 quokkas
  7 ball pythons
  3 frilled lizards
  3 kobolds
  4 rats
68 creatures vanquished.

Notes
Turn   | Place    | Note
-------+----------+-------------------------------------------
     0 | D:1      | theswoord the Demonspawn Gladiator began the quest for the
                  | Orb.
     0 | D:1      | Reached XP level 1. HP: 16/16 MP: 1/1
    18 | D:1      | Found Qexkoacw's Jewellery Shoppe.
    41 | D:1      | Reached skill level 3 in Staves
   132 | D:1      | Gained mutation: You are partially covered in icy blue
                  | scales. (AC +2) [demonic ancestry]
   132 | D:1      | Reached XP level 2. HP: 20/22 MP: 2/2
   517 | D:1      | Found a faded altar of an unknown god.
   747 | D:2      | Found an ornate altar of the Wu Jian Council.
   798 | D:2      | Became a worshipper of the Wu Jian Council
   849 | D:2      | Gained mutation: You are mostly covered in icy blue scales.
                  | (AC +3) [demonic ancestry]
   849 | D:2      | Reached XP level 3. HP: 26/27 MP: 3/3
   883 | D:2      | Identified the +3 leather armour "Qopsih" {rPois Dex+3}
   945 | D:2      | Reached skill level 4 in Staves
  1514 | D:2      | Reached XP level 4. HP: 32/33 MP: 4/4
  1558 | D:2      | Reached * piety under Wu Jian
  2051 | D:3      | Reached skill level 5 in Staves
  2851 | D:3      | Found Itiomac's General Store.
  3131 | D:4      | Gained mutation: You have a pair of small horns on your
                  | head. [demonic ancestry]
  3131 | D:4      | Reached XP level 5. HP: 38/38 MP: 5/5
  3232 | D:4      | Noticed an ogre
  3236 | D:4      | Killed an ogre
  3237 | D:4      | Reached skill level 6 in Staves
  3411 | D:4      | Reached XP level 6. HP: 44/44 MP: 6/6
  3501 | D:4      | Incinerated by a bombardier beetle

Skill      XL: |  1  2  3  4  5 |
---------------+----------------+-----
Staves         | 3 4 5 6 |  6.4
Fighting       | |  2.0
Throwing       | |  1.7
Dodging        | |  2.6

Action                     |  1- 3 |  4- 6 || total
---------------------------+-------+-------++-------
  Melee: Quarterstaff      |    93 |   111 ||   204
         Headbutt          |       |    10 ||    10
Ability: Lunge             |     6 |    10 ||    16
    Use: Scroll            |     3 |     6 ||     9
   Stab: Sleeping          |       |     1 ||     1
 Armour: Leather armour    |    54 |    49 ||   103
         Chain mail        |       |    47 ||    47
  Dodge: Dodged            |    69 |    60 ||   129

Levels and vault maps discovered:
D:1:      dpeg_arrival_lava_temple_mockup, layout_rooms, serial_shops, shop,
          dilly_ecumenical_altar_fadedgnrine, minmay_crystal_water,
          corexii_hall_statues_t, dreamdust_mushroom_princess
D:2:      minmay_chambers_of_twos, layout_basic, basic_altar,
          uniq_crazy_yiuf_cottage
D:3:      layout_loops_corners, serial_shops, nicolae_shop_window_shopping,
          nrook_mini_vaults, st_stairs_14, chequers_avenue, kennysheep_potato
D:4:      layout_basic, mainiacjoe_overflow_cross_hatched
